 Dungeon Crawl Stone Soup version 0.17-a0-1714-g35622ae (webtiles) character file.

205 karlkraus the Shield-Bearer (level 5, -9/47 HPs)
             Began as a Minotaur Fighter on Aug 24, 2015.
             Mangled by an ogre
             ... wielding a cursed +0 giant club
              (18 damage)
             ... on level 4 of the Dungeon.
             The game lasted 00:04:55 (1750 turns).

karlkraus the Shield-Bearer (Minotaur Fighter)      Turns: 1750, Time: 00:04:55

Health: -9/47      AC:  9    Str: 20    XL:     5   Next: 53%
Magic:  4/4        EV:  6    Int:  5    God:
Gold:   88         SH: 16    Dex: 11    Spells: 0 memorised, 4 levels left

rFire  + . .     SeeInvis .     a - +0 flail
rCold  . . .     Clarity  .     b - +0 scale mail
rNeg   . . .     SustAt   +     k - +2 large shield {rF+}
rPois  .         Gourm    .     (helmet restricted)
rElec  .         Spirit   .     (no cloak)
rCorr  .         Warding  .     f - +0 pair of gloves
rMut   .         Stasis   .     l - +0 pair of boots
MR     .....                    x - amulet of faith
Stlth  ..........               (no ring)
                                u - ring of sustain attributes

@: lethally poisoned (-9 -> -10), not resistant to hostile enchantments,
extremely unstealthy
A: retaliatory headbutt, horns 2
a: no special abilities


You were on level 4 of the Dungeon.
You were not hungry.

You visited 1 branch of the dungeon, and saw 4 of its levels.

You collected 88 gold pieces.

Inventory:

Hand weapons
 a - a +0 flail (weapon)
Armour
 b - a +0 scale mail (worn)
 f - a +0 pair of gloves (worn)
 k - a +2 large shield of fire resistance (worn)
 l - a +0 pair of boots (worn)
 o - a +2 helmet
Jewellery
 t - an uncursed amulet of resist corrosion
 u - a ring of sustain attributes (left hand)
 x - an amulet of faith (around neck)
Scrolls
 n - 2 scrolls of teleportation
 r - 2 scrolls of identify
 y - a scroll of magic mapping
Potions
 c - a potion of curing
 d - a potion of might
 g - a potion of brilliance {unknown}
 j - a potion of flight {unknown}
 m - 2 potions of degeneration {unknown}
 p - a potion of heal wounds {unknown}
 q - 4 potions of agility {unknown}
 v - 2 potions of mutation {unknown}
 A - a potion of resistance {unknown}
Comestibles
 e - 3 bread rations
 h - 2 meat rations
 i - a slice of pizza


   Skills:
 + Level 4.7 Fighting
 + Level 3.2 Maces & Flails
 + Level 4.3 Armour
 + Level 2.2 Dodging
 + Level 0.1 Stealth
 + Level 5.4 Shields


You had 4 spell levels left.
You didn't know any spells.

Dungeon Overview and Level Annotations

Branches:
Dungeon (4/15)
 Temple: D:4-7

Altars:
Kikubaaqudgha


Innate Abilities, Weirdness & Mutations

You reflexively headbutt those who attack you in melee.
You have a pair of horns on your head.


Message History

The ogre shouts!
An ogre is nearby!
You feel sick. You block the ogre's attack.
You closely miss the ogre. You headbutt the ogre.
The ogre is lightly wounded.
The ogre barely misses you.
You sock the ogre! Your headbutt misses the ogre.
The ogre is severely wounded.
You feel sick. The ogre hits you with a giant club!!
* * * LOW HITPOINT WARNING * * *
You are too injured to fight recklessly!
You are too injured to fight recklessly!
You are too injured to fight recklessly!
You are too injured to fight recklessly!
You are too injured to fight recklessly!
You hit the ogre. Your headbutt misses the ogre.
The ogre is almost dead.
The ogre hits you with a giant club!!
You die...

#.....# #...##.....##.
#.............
#............ #..........
#...##...# #...##...#
#.....O..+...... ....
#.....@..#............
#........#........ ...
#........#....... ..#
#........#......##+###?
#........#......#....#.
#........+......#....#> .
#........#......'....'.
....###'##+###......#.##.#.
..................#########


You could see an ogre.

Vanquished Creatures
  2 vampire bats (D:3)
  A giant frog skeleton (D:4)
  A worker ant (D:4)
  An adder (D:3)
  An ooze (D:2)
  A worm (D:2)
  2 giant geckos
  An orc (D:3)
  5 bat zombies (D:3)
  3 giant cockroaches
  8 goblins
  4 hobgoblins
  4 jackals (D:2)
  2 ball pythons (D:3)
  5 bats
  8 kobolds
  5 rats
54 creatures vanquished.

Notes
Turn   | Place    | Note
--------------------------------------------------------------
     0 | D:1      | karlkraus the Minotaur Fighter began the quest for the Orb.
     0 | D:1      | Reached XP level 1. HP: 19/19 MP: 0/0
   194 | D:1      | Reached skill level 4 in Fighting
   197 | D:1      | Reached XP level 2. HP: 27/27 MP: 1/1
   563 | D:2      | Reached XP level 3. HP: 17/33 MP: 2/2
   685 | D:2      | Reached skill level 1 in Dodging
  1392 | D:3      | Reached XP level 4. HP: 40/40 MP: 3/3
  1400 | D:3      | Found an ancient bone altar of Kikubaaqudgha.
  1413 | D:3      | Reached skill level 5 in Shields
  1413 | D:3      | Reached XP level 5. HP: 47/47 MP: 4/4
  1743 | D:4      | Noticed an ogre
  1750 | D:4      | Mangled by an ogre

Vault maps used:
D:1:      dpeg_arrival_oval
D:3:      kennysheep_vampire_church, first_bread, minmay_fountain_box
D:4:      serial_undead, serial_undead_e, serial_undead_b, serial_undead_a,
          serial_undead_e, patterned_corridor, uniq_pikel, uniq_robin

Action                   |  1- 3 |  4- 6 || total
-------------------------+-------+-------++-------
Melee: Flail             |    89 |    14 ||   103
       Mace              |    29 |     9 ||    38
  Use: Scroll            |     5 |     2 ||     7
  Eat: Chunk             |     1 |     2 ||     3
